WCHLSIM.com - West Coast Hockey League
html PUBLIC "-//W3C//DTD XHTML 1.0 Transitional//EN" "http://www.w3.org/TR/xhtml1/DTD/xhtml1-transitional.dtd"> WCHL - Game 281 - LONG BEACH BARACUDAS vs EDMONTON ICE

LONG BEACH BARACUDAS vs EDMONTON ICE

Created - 24 novembre 2023 at 00:15

Goals
1 2 3 OT1 SO T
LONG BEACH BARACUDAS 1 0 2 0 2 4
EDMONTON ICE 0 2 1 0 0 3
Shots
1 2 3 OT1 SO T
LONG BEACH BARACUDAS 14 4 13 3 3 34
EDMONTON ICE 8 13 15 3 2 39

1st period

1. LONG BEACH BARACUDAS , Seth Jarvis 9 (Peyton Krebs 1, Alexander Romanov 5) at 13:22

Penalties :
Scott Laughton (EDM) for Roughing (Minor) at 17:36

2nd period

2. EDMONTON ICE , Dawson Mercer 5 (Jarred Tinordi 4, Anthony Beauvillier 4) at 1:47
3. EDMONTON ICE , Dawson Mercer 6 (Anthony Mantha 4, Ryan Graves 4) at 9:35

Penalties :
No Penalty

3rd period

4. EDMONTON ICE , Jack Eichel 9 (Scott Laughton 11, Michael Matheson 12) at 2:05 (PP)
5. LONG BEACH BARACUDAS , Taylor Hall 4 (Seth Jarvis 9, Cody Glass 7) at 7:53
6. LONG BEACH BARACUDAS , Anton Stralman 1 (Jaden Schwartz 5, Mark Stone 15) at 13:13 (PP)

Penalties :
Alexander Romanov (LOB) for High sticking (Minor) at 0:32, Cody Glass (LOB) for Hooking (Minor) at 3:54, Vitek Vanecek (EDM) for Delaying the game (Minor) at 11:49 - Michael Matheson served the penalty., Seth Jarvis (LOB) for Hooking (Minor) at 15:24

Overtime #1

No Goal

Penalties :
No Penalty

Shootout

LONG BEACH BARACUDAS, Mark Stone - Goal!
EDMONTON ICE, Alex Tuch - Shot Misses the Net
LONG BEACH BARACUDAS, William Karlsson - Stopped by Vitek Vanecek
EDMONTON ICE, Jack Eichel - Stopped by Pyotr Kochetkov
LONG BEACH BARACUDAS, Ryan O'Reilly - Goal!

Penalties :
No Penalty

Goalie Stats

Pyotr Kochetkov (LOB), 36 saves from 39 shots - (0,923), W, 7-8-2, 65:00 minutes
Vitek Vanecek (EDM), 31 saves from 34 shots - (0,912), OTL, 10-4-3, 65:00 minutes

Players Stats for LONG BEACH BARACUDAS

Player Name              G  A  P  +/- PIM S  H  SB GA TA FO     MP     PP MP  PK MP  
------------------------------------------------------------------------------------
Alexander Romanov        0  1  1   2  2   0  3  3  0  0  0/0    26:07   1:29   1:52 
Andreas Athanasiou       0  0  0  -1  0   2  0  0  0  0  0/0    18:04   1:29   0:00 
Anton Stralman           1  0  1   0  0   1  2  0  0  0  0/0    20:02   1:18   0:27 
Boris Katchouk           0  0  0   0  0   0  0  0  0  0  0/0     0:00   0:00   0:00 
Calvin De Haan           0  0  0   2  0   0  1  0  0  0  0/0    21:24   0:36   2:19 
Cody Glass               0  1  1   1  2   1  0  0  0  0  13/18  14:08   0:00   2:37 
Derek Stepan             0  0  0   1  0   1  0  0  0  0  8/12    6:38   0:00   1:27 
Ethan Prow               0  0  0  -2  0   0  1  0  0  0  0/0    16:57   0:36   0:00 
Jaden Schwartz           0  1  1  -1  0   4  0  0  0  0  1/1    23:32   1:53   1:27 
Justin Braun             0  0  0  -2  0   1  2  1  0  0  0/0    22:18   1:29   3:12 
Mark Stone               0  1  1  -1  0   6  1  3  0  0  0/2    22:48   1:53   0:00 
Matt Irwin               0  0  0   0  0   1  1  2  0  0  0/0    18:11   1:18   3:12 
Peyton Krebs             0  1  1   1  0   0  2  0  0  0  0/1     5:11   0:00   0:00 
Ryan O'Reilly            0  0  0  -1  0   2  1  4  0  0  19/24  20:49   1:30   1:27 
Seth Jarvis              1  1  2   2  2   3  2  0  0  0  0/1    15:59   0:00   0:00 
Taylor Hall              1  0  1   1  0   4  1  0  0  0  0/1    16:15   0:01   4:04 
Teuvo Teravainen         0  0  0  -1  0   2  0  0  0  0  0/1    18:17   1:30   0:00 
William Karlsson         0  0  0  -1  0   6  2  0  0  0  20/29  22:46   1:53   0:00 

Players Stats for EDMONTON ICE

Player Name              G  A  P  +/- PIM S  H  SB GA TA FO     MP     PP MP  PK MP  
------------------------------------------------------------------------------------
Alex Tuch                0  0  0   0  0   6  2  1  0  0  1/1    24:28   3:22   0:33 
Anthony Beauvillier      0  1  1   0  0   3  1  0  0  0  0/2    18:17   2:09   0:00 
Anthony Mantha           0  1  1   0  0   0  0  0  0  0  0/1    12:34   0:00   0:00 
Anton Lundell            0  0  0   0  0   1  0  0  0  0  1/5     6:02   0:00   2:28 
Austin Watson            0  0  0   0  0   0  0  0  0  0  0/0     0:00   0:00   0:00 
Dawson Mercer            2  0  2   0  0   7  0  0  0  0  7/18   15:41   2:09   0:00 
Evgeny Dadonov           0  0  0   0  0   4  1  0  0  0  0/0    17:51   0:00   0:55 
Gustav Nyquist           0  0  0   0  0   5  0  0  0  0  0/3    21:42   2:09   0:00 
Jack Eichel              1  0  1   0  0   5  0  1  0  0  11/38  23:55   3:22   0:00 
Jarred Tinordi           0  1  1   1  0   0  1  1  0  0  0/0    14:28   0:00   0:42 
Joshua Mahura            0  0  0   0  0   0  1  0  0  0  0/0    18:33   2:24   0:22 
Michael Matheson         0  1  1  -1  0   0  0  5  0  0  0/0    25:09   3:07   1:17 
Ryan Graves              0  1  1   0  0   0  1  1  0  0  0/0    22:55   2:24   1:18 
Scott Laughton           0  1  1   0  2   4  2  2  0  0  1/2    22:10   3:22   0:22 
Shea Theodore            0  0  0  -1  0   1  1  1  0  0  0/0    26:00   3:07   1:26 
Tanner Jeannot           0  0  0   0  0   0  0  1  0  0  0/0     6:02   0:00   2:28 
Thomas Novak             0  0  0   0  0   2  0  0  0  0  8/20   17:54   0:00   0:00 
Zach Whitecloud          0  0  0   1  0   1  1  2  0  0  0/0    17:55   0:00   1:41 

3 Stars

1 - Seth Jarvis (LOB)
2 - Dawson Mercer (EDM)
3 - Taylor Hall (LOB)

Power Play

LONG BEACH BARACUDAS - 1 on 2 Attempt(s) - 50,00%
EDMONTON ICE - 1 on 3 Attempt(s) - 33,33%

Penalty Kill

LONG BEACH BARACUDAS - 2 on 3 Attempt(s) - 66,67% - Score 0 goal in Penalty Kill
EDMONTON ICE - 1 on 2 Attempt(s) - 50,00% - Score 0 goal in Penalty Kill

Team Stat

LONG BEACH BARACUDAS - Hits : 19 - Faceoff Wins : 61 - Blocked Shots : 13 - Penalty Minutes : 6
EDMONTON ICE - Hits : 11 - Faceoff Wins : 29 - Blocked Shots : 15 - Penalty Minutes : 4

Official

Referees : Mike Campbell and Andrew Wilk
Linesman : Greg Devorski and Luke Murray

Game Notes

No Game Note

Finance

Level 1 -- Attendance: 4268 (71,13%) -- Ticket Income 896 280 $
Level 2 -- Attendance: 3616 (72,32%) -- Ticket Income 506 240 $
Level 3 -- Attendance: 1659 (82,95%) -- Ticket Income 182 490 $
Level 4 -- Attendance: 2994 (49,90%) -- Ticket Income 254 490 $
Luxury Box -- Attendance: 789 (78,90%) -- Ticket Income 295 875 $
Total Attendance: 13326 (66,63%)
Total Ticket Income: 2 135 375 $
Other Expense: 21 354 $
Total Income: 2 114 021 $

LONG BEACH BARACUDAS

5 vs 5 Forward 
   Center                   Left Wing                Right Wing               Time % Phy DF OF 
 1 William Karlsson         Jaden Schwartz           Mark Stone               36     0   2  3  
 2 Ryan O'Reilly            Teuvo Teravainen         Andreas Athanasiou       31     0   2  3  
 3 Cody Glass               Taylor Hall              Seth Jarvis              23     0   3  2  
 4 Derek Stepan             Peyton Krebs             Seth Jarvis              10     0   3  2  

5 vs 5 Defense 
   Defense                  Defense                                           Time % Phy DF OF 
 1 Calvin De Haan           Alexander Romanov                                 36     1   2  2  
 2 Justin Braun             Ethan Prow                                        31     1   2  2  
 3 Matt Irwin               Anton Stralman                                    23     1   2  2  
 4 Anton Stralman           Alexander Romanov                                 10     0   3  2  

PowerPlay Forward 
   Center                   Left Wing                Right Wing               Time % Phy DF OF 
 1 William Karlsson         Jaden Schwartz           Mark Stone               55     0   1  4  
 2 Ryan O'Reilly            Teuvo Teravainen         Andreas Athanasiou       45     0   1  4  

PowerPlay Defense
   Defense                  Defense                                           Time % Phy DF OF 
 1 Alexander Romanov        Matt Irwin                                        55     0   5  0  
 2 Justin Braun             Calvin De Haan                                    45     0   5  0  

Penalty Kill 4 Players Forward 
   Center                   Wing                     Time % Phy DF OF 
 1 Cody Glass               Taylor Hall              55     0   3  2  
 2 Ryan O'Reilly            Jaden Schwartz           45     0   3  2  

Penalty Kill 4 Players Defense
   Defense                  Defense                  Time % Phy DF OF 
 1 Calvin De Haan           Alexander Romanov        55     0   4  1  
 2 Justin Braun             Matt Irwin               45     0   4  1  

Penalty Kill - 3 Players Forward 
   Forward                                           Time % Phy DF OF 
 1 Mark Stone                                        55     0   4  1  
 2 William Karlsson                                  45     0   4  1  

Penalty Kill - 3 Players Defense
   Defense                  Defense                  Time % Phy DF OF 
 1 Calvin De Haan           Alexander Romanov        55     0   4  1  
 2 Justin Braun             Matt Irwin               45     0   4  1  

4 vs 4 Forward 
   Center                   Wing                     Time % Phy DF OF 
 1 William Karlsson         Taylor Hall              55     0   2  3  
 2 Derek Stepan             Jaden Schwartz           45     0   2  3  

4 vs 4 Defense
   Defense                  Defense                  Time % Phy DF OF 
 1 Anton Stralman           Matt Irwin               55     0   3  2  
 2 Justin Braun             Alexander Romanov        45     0   3  2  

Last Minutes Offensive
   Center                   Left Wing                Right Wing               Defense                  Defense                  
   William Karlsson         Jaden Schwartz           Mark Stone               Justin Braun             Alexander Romanov        

Last Minutes Defensive
   Center                   Left Wing                Right Wing               Defense                  Defense                  
   William Karlsson         Jaden Schwartz           Mark Stone               Ethan Prow               Alexander Romanov        

Goaltenders
Starting : Pyotr Kochetkov          
Backup : Ukko-Pekka Luukkonen     

Extra Forwards
Normal : Taylor Hall, Seth Jarvis, Teuvo Teravainen - PP : Taylor Hall, Seth Jarvis - PK : Taylor Hall
Extra Defensemen
Normal : Matt Irwin, Calvin De Haan, Justin Braun - PP : Matt Irwin - PK : Calvin De Haan, Justin Braun
Penalty Shots
Mark Stone, William Karlsson, Ryan O'Reilly, Jaden Schwartz, Teuvo Teravainen
Custom OT Lines Forwards
Mark Stone, William Karlsson, Ryan O'Reilly, Jaden Schwartz, Teuvo Teravainen, Taylor Hall, Andreas Athanasiou, Seth Jarvis, Cody Glass, Derek Stepan
Custom OT Lines Defensemen
Anton Stralman, Alexander Romanov, Justin Braun, Calvin De Haan, Matt Irwin

Scratches
Alex Pietrangelo (Fractured Bone in Left Hand Injury), Scott Harrington (Lacerated Left Calf Injury)

EDMONTON ICE

5 vs 5 Forward 
   Center                   Left Wing                Right Wing               Time % Phy DF OF 
 1 Jack Eichel              Gustav Nyquist           Alex Tuch                36     0   2  3  
 2 Thomas Novak             Scott Laughton           Evgeny Dadonov           33     1   2  2  
 3 Dawson Mercer            Anthony Beauvillier      Anthony Mantha           25     1   3  1  
 4 Anton Lundell            Anthony Beauvillier      Tanner Jeannot           6      0   3  2  

5 vs 5 Defense 
   Defense                  Defense                                           Time % Phy DF OF 
 1 Shea Theodore            Michael Matheson                                  37     0   2  3  
 2 Joshua Mahura            Ryan Graves                                       32     0   3  2  
 3 Zach Whitecloud          Jarred Tinordi                                    23     0   4  1  
 4 Ryan Graves              Zach Whitecloud                                   8      0   3  2  

PowerPlay Forward 
   Center                   Left Wing                Right Wing               Time % Phy DF OF 
 1 Jack Eichel              Scott Laughton           Alex Tuch                60     1   2  2  
 2 Dawson Mercer            Anthony Beauvillier      Gustav Nyquist           40     1   2  2  

PowerPlay Defense
   Defense                  Defense                                           Time % Phy DF OF 
 1 Shea Theodore            Michael Matheson                                  60     0   2  3  
 2 Ryan Graves              Joshua Mahura                                     40     0   2  3  

Penalty Kill 4 Players Forward 
   Center                   Wing                     Time % Phy DF OF 
 1 Anton Lundell            Tanner Jeannot           60     0   4  1  
 2 Scott Laughton           Evgeny Dadonov           40     0   4  1  

Penalty Kill 4 Players Defense
   Defense                  Defense                  Time % Phy DF OF 
 1 Michael Matheson         Zach Whitecloud          60     0   5  0  
 2 Jarred Tinordi           Ryan Graves              40     0   5  0  

Penalty Kill - 3 Players Forward 
   Forward                                           Time % Phy DF OF 
 1 Anton Lundell                                     55     0   4  1  
 2 Thomas Novak                                      45     0   4  1  

Penalty Kill - 3 Players Defense
   Defense                  Defense                  Time % Phy DF OF 
 1 Zach Whitecloud          Ryan Graves              55     0   5  0  
 2 Michael Matheson         Jarred Tinordi           45     0   5  0  

4 vs 4 Forward 
   Center                   Wing                     Time % Phy DF OF 
 1 Dawson Mercer            Gustav Nyquist           55     1   2  2  
 2 Thomas Novak             Evgeny Dadonov           45     1   2  2  

4 vs 4 Defense
   Defense                  Defense                  Time % Phy DF OF 
 1 Shea Theodore            Michael Matheson         55     1   2  2  
 2 Zach Whitecloud          Ryan Graves              45     1   2  2  

Last Minutes Offensive
   Center                   Left Wing                Right Wing               Defense                  Defense                  
   Jack Eichel              Scott Laughton           Alex Tuch                Shea Theodore            Michael Matheson         

Last Minutes Defensive
   Center                   Left Wing                Right Wing               Defense                  Defense                  
   Scott Laughton           Gustav Nyquist           Alex Tuch                Shea Theodore            Michael Matheson         

Goaltenders
Starting : Vitek Vanecek            
Backup : Jonathan Quick           

Extra Forwards
Normal : Dawson Mercer, Anthony Beauvillier, Anton Lundell - PP : Thomas Novak, Dawson Mercer - PK : Alex Tuch
Extra Defensemen
Normal : Shea Theodore, Michael Matheson, Ryan Graves - PP : Joshua Mahura - PK : Ryan Graves, Shea Theodore
Penalty Shots
Alex Tuch, Jack Eichel, Thomas Novak, Dawson Mercer, Gustav Nyquist
Custom OT Lines Forwards
Alex Tuch, Jack Eichel, Scott Laughton, Gustav Nyquist, Dawson Mercer, Thomas Novak, Anthony Beauvillier, Anton Lundell, Evgeny Dadonov, Anthony Mantha
Custom OT Lines Defensemen
Shea Theodore, Michael Matheson, Ryan Graves, Zach Whitecloud, Joshua Mahura

Scratches
Justin Barron (Severed Left Wrist Tendons Injury), Jonas Brodin (Strained Right Elbow Injury)

% Time on Ice - LONG BEACH BARACUDAS

Lines # - Real PCT - Wanted PCT - Time Play
Normal Forward
1 - 36% - 36% - 18:31
2 - 31% - 31% - 15:52
3 - 23% - 23% - 11:32
4 - 10% - 10% - 5:11
Normal Defense
1 - 36% - 36% - 18:29
2 - 32% - 31% - 16:21
3 - 26% - 23% - 13:13
4 - 6% - 10% - 3:03
PP Forward
1 - 56% - 55% - 1:53
2 - 44% - 45% - 1:30
PP Defense
1 - 38% - 55% - 1:18
2 - 62% - 45% - 2:05
PK Forward
1 - 74% - 55% - 4:04
2 - 26% - 45% - 1:27
PK Defense
1 - 42% - 55% - 2:19
2 - 58% - 45% - 3:12
PK3 Forward
1 - 0% - 55%
2 - 0% - 45%
PK3 Defense
1 - 0% - 55%
2 - 0% - 45%
44 Forward
1 - 0% - 55%
2 - 0% - 45%
44 Defense
1 - 0% - 55%
2 - 0% - 45%
Last Minute Offensive  - 0:00
Last Minute Defensive  - 0:00
Total
Forward - 60:00
Defense - 60:00

% Time on Ice - EDMONTON ICE

Lines # - Real PCT - Wanted PCT - Time Play
Normal Forward
1 - 35% - 36% - 18:02
2 - 33% - 33% - 16:56
3 - 25% - 25% - 12:34
4 - 7% - 6% - 3:34
Normal Defense
1 - 37% - 37% - 19:05
2 - 31% - 32% - 15:47
3 - 26% - 23% - 13:22
4 - 6% - 8% - 2:52
PP Forward
1 - 61% - 60% - 3:22
2 - 39% - 40% - 2:09
PP Defense
1 - 56% - 60% - 3:07
2 - 44% - 40% - 2:24
PK Forward
1 - 73% - 60% - 2:28
2 - 27% - 40% - 0:55
PK Defense
1 - 79% - 60% - 2:41
2 - 21% - 40% - 0:42
PK3 Forward
1 - 0% - 55%
2 - 0% - 45%
PK3 Defense
1 - 0% - 55%
2 - 0% - 45%
44 Forward
1 - 0% - 55%
2 - 0% - 45%
44 Defense
1 - 0% - 55%
2 - 0% - 45%
Last Minute Offensive  - 0:00
Last Minute Defensive  - 0:00
Total
Forward - 60:00
Defense - 60:00

Play-by-Play

1st period


0:01 of 1st period - Jack Eichel wins face-off versus William Karlsson in neutral zone.
0:44 of 1st period - Icing by Alexander Romanov.
0:45 of 1st period - William Karlsson wins face-off versus Thomas Novak in LONG BEACH BARACUDAS zone.
1:16 of 1st period - Icing by Ryan O'Reilly.
1:17 of 1st period - Ryan O'Reilly wins face-off versus Anthony Mantha in LONG BEACH BARACUDAS zone.
1:22 of 1st period - Shot by Teuvo Teravainen.
1:22 of 1st period - Stopped by Vitek Vanecek with a rebound.
1:38 of 1st period - Shot by Andreas Athanasiou.
1:38 of 1st period - Shot Misses the Net.
2:10 of 1st period - Michael Matheson is hit by Ryan O'Reilly and loses puck.
2:45 of 1st period - Shot by Taylor Hall.
2:45 of 1st period - Shot Blocked by Michael Matheson.
2:51 of 1st period - Shot by Taylor Hall.
2:51 of 1st period - Shot Misses the Net.
2:53 of 1st period - Shot by Taylor Hall.
2:53 of 1st period - Stopped by Vitek Vanecek without a rebound.
2:54 of 1st period - William Karlsson wins face-off versus Thomas Novak in EDMONTON ICE zone.
3:01 of 1st period - Shot by William Karlsson.
3:01 of 1st period - Stopped by Vitek Vanecek without a rebound.
3:02 of 1st period - Thomas Novak wins face-off versus William Karlsson in EDMONTON ICE zone.
3:02 of 1st period - Thomas Novak is hit by Mark Stone.
3:34 of 1st period - Thomas Novak is hit by Alexander Romanov and loses puck.
3:53 of 1st period - Shot by Anton Lundell.
3:53 of 1st period - Shot Misses the Net.
4:15 of 1st period - Shot by Anton Lundell.
4:15 of 1st period - Shot Misses the Net.
4:17 of 1st period - Shot by Zach Whitecloud.
4:17 of 1st period - Stopped by Pyotr Kochetkov with a rebound.
4:19 of 1st period - Shot by Tanner Jeannot.
4:19 of 1st period - Shot Misses the Net.
4:21 of 1st period - Shot by Anton Lundell.
4:21 of 1st period - Stopped by Pyotr Kochetkov without a rebound.
4:22 of 1st period - Jack Eichel wins face-off versus Derek Stepan in LONG BEACH BARACUDAS zone.
4:43 of 1st period - Shot by Seth Jarvis.
4:43 of 1st period - Stopped by Vitek Vanecek without a rebound.
4:44 of 1st period - Ryan O'Reilly wins face-off versus Dawson Mercer in EDMONTON ICE zone.
4:45 of 1st period - Shot by Andreas Athanasiou.
4:45 of 1st period - Shot Misses the Net.
5:06 of 1st period - Icing by Dawson Mercer.
5:07 of 1st period - Cody Glass wins face-off versus Anthony Beauvillier in EDMONTON ICE zone.
5:20 of 1st period - Shot by Cody Glass.
5:20 of 1st period - Shot Misses the Net.
5:41 of 1st period - Seth Jarvis is hit by Zach Whitecloud and loses puck.
6:38 of 1st period - Shot by Scott Laughton.
6:38 of 1st period - Stopped by Pyotr Kochetkov without a rebound.
6:39 of 1st period - William Karlsson wins face-off versus Jack Eichel in LONG BEACH BARACUDAS zone.
6:44 of 1st period - Shot by Jaden Schwartz.
6:44 of 1st period - Stopped by Vitek Vanecek with a rebound.
6:46 of 1st period - Shot by William Karlsson.
6:46 of 1st period - Shot Blocked by Alex Tuch.
6:48 of 1st period - Shot by William Karlsson.
6:48 of 1st period - Stopped by Vitek Vanecek without a rebound.
6:49 of 1st period - William Karlsson wins face-off versus Jack Eichel in EDMONTON ICE zone.
6:55 of 1st period - Shot by William Karlsson.
6:55 of 1st period - Stopped by Vitek Vanecek without a rebound.
6:56 of 1st period - Jack Eichel wins face-off versus Ryan O'Reilly in EDMONTON ICE zone.
7:28 of 1st period - Icing by Ryan O'Reilly.
7:29 of 1st period - Thomas Novak wins face-off versus Ryan O'Reilly in LONG BEACH BARACUDAS zone.
8:04 of 1st period - Shot by Evgeny Dadonov.
8:04 of 1st period - Shot Misses the Net.
8:08 of 1st period - Shot by Scott Laughton.
8:08 of 1st period - Stopped by Pyotr Kochetkov without a rebound.
8:09 of 1st period - Derek Stepan wins face-off versus Jack Eichel in LONG BEACH BARACUDAS zone.
8:09 of 1st period - Derek Stepan is hit by Alex Tuch.
8:19 of 1st period - Shot by Seth Jarvis.
8:19 of 1st period - Shot Misses the Net.
8:29 of 1st period - Shot by Gustav Nyquist.
8:29 of 1st period - Stopped by Pyotr Kochetkov without a rebound.
8:30 of 1st period - William Karlsson wins face-off versus Dawson Mercer in LONG BEACH BARACUDAS zone.
8:34 of 1st period - Off-side.
8:35 of 1st period - Dawson Mercer wins face-off versus Cody Glass in neutral zone.
9:46 of 1st period - Shot by Jaden Schwartz.
9:46 of 1st period - Shot Blocked by Ryan Graves.
9:56 of 1st period - Shot by Scott Laughton.
9:56 of 1st period - Shot Blocked by Mark Stone.
10:00 of 1st period - Shot by Evgeny Dadonov.
10:00 of 1st period - Shot Hit the Post.
10:02 of 1st period - Shot by Evgeny Dadonov.
10:02 of 1st period - Stopped by Pyotr Kochetkov without a rebound.
10:03 of 1st period - Ryan O'Reilly wins face-off versus Jack Eichel in LONG BEACH BARACUDAS zone.
10:18 of 1st period - Shot by Jack Eichel.
10:18 of 1st period - Deflect By Alex Tuch.
10:18 of 1st period - Stopped by Pyotr Kochetkov without a rebound.
10:19 of 1st period - Anton Lundell wins face-off versus Derek Stepan in LONG BEACH BARACUDAS zone.
10:38 of 1st period - Shot by Seth Jarvis.
10:38 of 1st period - Stopped by Vitek Vanecek without a rebound.
10:39 of 1st period - William Karlsson wins face-off versus Gustav Nyquist in EDMONTON ICE zone.
10:51 of 1st period - Shot by Alex Tuch.
10:51 of 1st period - Deflect By Jack Eichel.
10:51 of 1st period - Shot Misses the Net.
11:12 of 1st period - Jack Eichel is hit by Anton Stralman and loses puck.
11:22 of 1st period - Off-side.
11:23 of 1st period - Thomas Novak wins face-off versus Cody Glass in neutral zone.
11:30 of 1st period - Shot by Evgeny Dadonov.
11:30 of 1st period - Shot Misses the Net.
11:52 of 1st period - Shot by Taylor Hall.
11:52 of 1st period - Stopped by Vitek Vanecek with a rebound.
12:30 of 1st period - Shot by Ryan O'Reilly.
12:30 of 1st period - Stopped by Vitek Vanecek with a rebound.
12:32 of 1st period - Shot by Teuvo Teravainen.
12:32 of 1st period - Stopped by Vitek Vanecek without a rebound.
12:33 of 1st period - William Karlsson wins face-off versus Jack Eichel in EDMONTON ICE zone.
12:38 of 1st period - Shot by William Karlsson.
12:38 of 1st period - Deflect By Mark Stone.
12:38 of 1st period - Stopped by Vitek Vanecek without a rebound.
12:39 of 1st period - William Karlsson wins face-off versus Jack Eichel in EDMONTON ICE zone.
12:44 of 1st period - Shot by William Karlsson.
12:44 of 1st period - Shot Misses the Net.
12:50 of 1st period - Shot by Alex Tuch.
12:50 of 1st period - Stopped by Pyotr Kochetkov without a rebound.
12:51 of 1st period - Derek Stepan wins face-off versus Dawson Mercer in LONG BEACH BARACUDAS zone.
12:51 of 1st period - Derek Stepan is hit by Anthony Beauvillier.
12:59 of 1st period - Shea Theodore is hit by Peyton Krebs and loses puck.
13:13 of 1st period - Seth Jarvis is hit by Shea Theodore and loses puck.
13:20 of 1st period - Shot by Peyton Krebs.
13:20 of 1st period - Shot Misses the Net.
13:22 of 1st period - Shot by Seth Jarvis.
13:22 of 1st period - Goal by Seth Jarvis - LONG BEACH BARACUDAS : 1 - EDMONTON ICE : 0.
13:23 of 1st period - William Karlsson wins face-off versus Jack Eichel in neutral zone.
13:46 of 1st period - Shot by Mark Stone.
13:46 of 1st period - Stopped by Vitek Vanecek without a rebound.
13:47 of 1st period - Thomas Novak wins face-off versus Ryan O'Reilly in EDMONTON ICE zone.
13:59 of 1st period - Thomas Novak is hit by Justin Braun and loses puck.
14:34 of 1st period - Scott Laughton is hit by Ethan Prow and loses puck.
15:45 of 1st period - Shot by Jaden Schwartz.
15:45 of 1st period - Shot Misses the Net.
15:59 of 1st period - Shot by Taylor Hall.
15:59 of 1st period - Shot Hit the Post.
16:06 of 1st period - Alex Tuch is hit by Taylor Hall and loses puck.
16:29 of 1st period - Shot by Taylor Hall.
16:29 of 1st period - Shot Blocked by Michael Matheson.
17:08 of 1st period - Icing by Alexander Romanov.
17:09 of 1st period - Derek Stepan wins face-off versus Thomas Novak in LONG BEACH BARACUDAS zone.
17:09 of 1st period - Derek Stepan is hit by Scott Laughton.
17:32 of 1st period - William Karlsson is hit by Scott Laughton and loses puck.
17:36 of 1st period - Minor Penalty to Scott Laughton for Roughing.
17:37 of 1st period - William Karlsson wins face-off versus Anton Lundell in EDMONTON ICE zone.
17:57 of 1st period - Shot by Jaden Schwartz.
17:57 of 1st period - Deflect By William Karlsson.
17:57 of 1st period - Shot Blocked by Tanner Jeannot.
18:07 of 1st period - Shot by William Karlsson.
18:07 of 1st period - Shot Blocked by Jarred Tinordi.
19:18 of 1st period - Shot by Mark Stone.
19:18 of 1st period - Deflect By Jaden Schwartz.
19:18 of 1st period - Shot Misses the Net.
Goals for this period are 1 for LONG BEACH BARACUDAS vs 0 for EDMONTON ICE.
Shots for this period are 14 for LONG BEACH BARACUDAS vs 8 for EDMONTON ICE.

2nd period


0:01 of 2nd period - William Karlsson wins face-off versus Jack Eichel in neutral zone.
0:32 of 2nd period - Jack Eichel is hit by Calvin De Haan and loses puck.
0:38 of 2nd period - Alex Tuch is hit by Alexander Romanov and loses puck.
0:49 of 2nd period - Shot by Jack Eichel.
0:49 of 2nd period - Stopped by Pyotr Kochetkov without a rebound.
0:50 of 2nd period - Ryan O'Reilly wins face-off versus Thomas Novak in LONG BEACH BARACUDAS zone.
1:41 of 2nd period - Shot by Anthony Beauvillier.
1:41 of 2nd period - Shot Blocked by Justin Braun.
1:43 of 2nd period - Shot by Dawson Mercer.
1:43 of 2nd period - Shot Misses the Net.
1:45 of 2nd period - Shot by Jarred Tinordi.
1:45 of 2nd period - Shot Blocked by Ryan O'Reilly.
1:47 of 2nd period - Shot by Dawson Mercer.
1:47 of 2nd period - Goal by Dawson Mercer - LONG BEACH BARACUDAS : 1 - EDMONTON ICE : 1.
1:48 of 2nd period - Cody Glass wins face-off versus Jack Eichel in neutral zone.
2:02 of 2nd period - Shot by Alex Tuch.
2:02 of 2nd period - Stopped by Pyotr Kochetkov without a rebound.
2:03 of 2nd period - Dawson Mercer wins face-off versus William Karlsson in LONG BEACH BARACUDAS zone.
2:04 of 2nd period - Shot by Anthony Beauvillier.
2:04 of 2nd period - Shot Blocked by Mark Stone.
2:13 of 2nd period - Shot by Dawson Mercer.
2:13 of 2nd period - Stopped by Pyotr Kochetkov without a rebound.
2:14 of 2nd period - Cody Glass wins face-off versus Jack Eichel in LONG BEACH BARACUDAS zone.
2:14 of 2nd period - Seth Jarvis is hit by Alex Tuch and loses puck.
2:26 of 2nd period - Off-side.
2:27 of 2nd period - Thomas Novak wins face-off versus Mark Stone in neutral zone.
2:47 of 2nd period - Shot by William Karlsson.
2:47 of 2nd period - Stopped by Vitek Vanecek without a rebound.
2:48 of 2nd period - Ryan O'Reilly wins face-off versus Dawson Mercer in EDMONTON ICE zone.
3:54 of 2nd period - Shot by Jack Eichel.
3:54 of 2nd period - Stopped by Pyotr Kochetkov without a rebound.
3:55 of 2nd period - William Karlsson wins face-off versus Thomas Novak in LONG BEACH BARACUDAS zone.
4:47 of 2nd period - Shot by Jack Eichel.
4:47 of 2nd period - Shot Blocked by Alexander Romanov.
4:57 of 2nd period - Shot by Gustav Nyquist.
4:57 of 2nd period - Stopped by Pyotr Kochetkov without a rebound.
4:58 of 2nd period - Cody Glass wins face-off versus Anton Lundell in LONG BEACH BARACUDAS zone.
6:03 of 2nd period - Anton Lundell is hit by Seth Jarvis and loses puck.
6:24 of 2nd period - Shot by Alex Tuch.
6:24 of 2nd period - Shot Misses the Net.
7:29 of 2nd period - Shot by Mark Stone.
7:29 of 2nd period - Deflect By Jaden Schwartz.
7:29 of 2nd period - Shot Misses the Net.
7:31 of 2nd period - Shot by William Karlsson.
7:31 of 2nd period - Stopped by Vitek Vanecek with a rebound.
7:50 of 2nd period - Scott Laughton is hit by William Karlsson and loses puck.
8:01 of 2nd period - Shot by William Karlsson.
8:01 of 2nd period - Shot Blocked by Scott Laughton.
8:15 of 2nd period - Icing by Jarred Tinordi.
8:16 of 2nd period - Derek Stepan wins face-off versus Thomas Novak in EDMONTON ICE zone.
8:17 of 2nd period - Shot by Seth Jarvis.
8:17 of 2nd period - Deflect By Derek Stepan.
8:17 of 2nd period - Shot Misses the Net.
8:19 of 2nd period - Shot by Ethan Prow.
8:19 of 2nd period - Shot Misses the Net.
8:40 of 2nd period - Shot by Peyton Krebs.
8:40 of 2nd period - Shot Misses the Net.
8:42 of 2nd period - Shot by Derek Stepan.
8:42 of 2nd period - Stopped by Vitek Vanecek without a rebound.
8:43 of 2nd period - Jack Eichel wins face-off versus Cody Glass in EDMONTON ICE zone.
9:01 of 2nd period - Shot by Jack Eichel.
9:01 of 2nd period - Stopped by Pyotr Kochetkov without a rebound.
9:02 of 2nd period - Dawson Mercer wins face-off versus William Karlsson in LONG BEACH BARACUDAS zone.
9:02 of 2nd period - Anthony Beauvillier is hit by Justin Braun and loses puck.
9:35 of 2nd period - Shot by Dawson Mercer.
9:35 of 2nd period - The goal is going for a video replay.
9:35 of 2nd period - The goal is good.
9:35 of 2nd period - Goal by Dawson Mercer - LONG BEACH BARACUDAS : 1 - EDMONTON ICE : 2.
9:36 of 2nd period - Ryan O'Reilly wins face-off versus Jack Eichel in neutral zone.
10:37 of 2nd period - Teuvo Teravainen is hit by Joshua Mahura and loses puck.
11:00 of 2nd period - Tanner Jeannot is hit by William Karlsson and loses puck.
11:34 of 2nd period - Shot by Evgeny Dadonov.
11:34 of 2nd period - Stopped by Pyotr Kochetkov without a rebound.
11:35 of 2nd period - Jack Eichel wins face-off versus Cody Glass in LONG BEACH BARACUDAS zone.
12:38 of 2nd period - William Karlsson is hit by Evgeny Dadonov and loses puck.
12:45 of 2nd period - Shot by William Karlsson.
12:45 of 2nd period - Shot Blocked by Zach Whitecloud.
12:51 of 2nd period - Shot by Mark Stone.
12:51 of 2nd period - Shot Blocked by Scott Laughton.
12:53 of 2nd period - Shot by William Karlsson.
12:53 of 2nd period - Shot Misses the Net.
12:55 of 2nd period - Shot by William Karlsson.
12:55 of 2nd period - Deflect By Mark Stone.
12:55 of 2nd period - Shot Misses the Net.
13:37 of 2nd period - Shot by Dawson Mercer.
13:37 of 2nd period - Stopped by Pyotr Kochetkov without a rebound.
13:38 of 2nd period - Derek Stepan wins face-off versus Jack Eichel in LONG BEACH BARACUDAS zone.
14:15 of 2nd period - Icing by Jack Eichel.
14:16 of 2nd period - Jack Eichel wins face-off versus William Karlsson in EDMONTON ICE zone.
14:33 of 2nd period - Icing by Shea Theodore.
14:34 of 2nd period - Jack Eichel wins face-off versus Ryan O'Reilly in EDMONTON ICE zone.
17:50 of 2nd period - Shot by Alex Tuch.
17:50 of 2nd period - Stopped by Pyotr Kochetkov without a rebound.
17:51 of 2nd period - William Karlsson wins face-off versus Jack Eichel in LONG BEACH BARACUDAS zone.
18:56 of 2nd period - Icing by Jaden Schwartz.
18:57 of 2nd period - William Karlsson wins face-off versus Dawson Mercer in LONG BEACH BARACUDAS zone.
19:30 of 2nd period - Shot by Dawson Mercer.
19:30 of 2nd period - Stopped by Pyotr Kochetkov without a rebound.
19:31 of 2nd period - Cody Glass wins face-off versus Scott Laughton in LONG BEACH BARACUDAS zone.
19:38 of 2nd period - Shot by Cody Glass.
19:38 of 2nd period - Stopped by Vitek Vanecek without a rebound.
19:39 of 2nd period - Thomas Novak wins face-off versus Taylor Hall in EDMONTON ICE zone.
19:58 of 2nd period - Shot by Scott Laughton.
19:58 of 2nd period - Deflect By Evgeny Dadonov.
19:58 of 2nd period - Stopped by Pyotr Kochetkov without a rebound.
19:59 of 2nd period - Dawson Mercer wins face-off versus Teuvo Teravainen in LONG BEACH BARACUDAS zone.
Goals for this period are 0 for LONG BEACH BARACUDAS vs 2 for EDMONTON ICE.
Shots for this period are 4 for LONG BEACH BARACUDAS vs 13 for EDMONTON ICE.

3rd period


0:01 of 3rd period - Dawson Mercer wins face-off versus Mark Stone in neutral zone.
0:08 of 3rd period - Shot by Anthony Beauvillier.
0:08 of 3rd period - Shot Misses the Net.
0:19 of 3rd period - Shot by Anthony Beauvillier.
0:19 of 3rd period - Shot Misses the Net.
0:32 of 3rd period - Minor Penalty to Alexander Romanov for High sticking.
0:33 of 3rd period - Cody Glass wins face-off versus Jack Eichel in LONG BEACH BARACUDAS zone.
1:00 of 3rd period - Shot by Scott Laughton.
1:00 of 3rd period - Stopped by Pyotr Kochetkov without a rebound.
1:01 of 3rd period - Cody Glass wins face-off versus Gustav Nyquist in LONG BEACH BARACUDAS zone.
1:16 of 3rd period - Shot by Anthony Beauvillier.
1:16 of 3rd period - Stopped by Pyotr Kochetkov with a rebound.
1:25 of 3rd period - Shot by Ryan Graves.
1:25 of 3rd period - Deflect By Anthony Beauvillier.
1:25 of 3rd period - Shot Blocked by Ryan O'Reilly.
1:27 of 3rd period - Shot by Gustav Nyquist.
1:27 of 3rd period - Stopped by Pyotr Kochetkov without a rebound.
1:28 of 3rd period - Jack Eichel wins face-off versus Cody Glass in LONG BEACH BARACUDAS zone.
2:03 of 3rd period - Shot by Scott Laughton.
2:03 of 3rd period - Shot Misses the Net.
2:05 of 3rd period - Shot by Jack Eichel.
2:05 of 3rd period - Goal by Jack Eichel - LONG BEACH BARACUDAS : 1 - EDMONTON ICE : 3.
2:06 of 3rd period - Dawson Mercer wins face-off versus William Karlsson in neutral zone.
2:11 of 3rd period - Shot by Anthony Beauvillier.
2:11 of 3rd period - Stopped by Pyotr Kochetkov without a rebound.
2:12 of 3rd period - William Karlsson wins face-off versus Dawson Mercer in LONG BEACH BARACUDAS zone.
2:30 of 3rd period - Off-side.
2:31 of 3rd period - Ryan O'Reilly wins face-off versus Jack Eichel in neutral zone.
2:57 of 3rd period - Shot by Andreas Athanasiou.
2:57 of 3rd period - Shot Blocked by Michael Matheson.
3:20 of 3rd period - Icing by Shea Theodore.
3:21 of 3rd period - Jack Eichel wins face-off versus Seth Jarvis in EDMONTON ICE zone.
3:21 of 3rd period - Jack Eichel is hit by Seth Jarvis.
3:49 of 3rd period - Shot by Taylor Hall.
3:49 of 3rd period - Shot Misses the Net.
3:54 of 3rd period - Minor Penalty to Cody Glass for Hooking.
3:55 of 3rd period - Ryan O'Reilly wins face-off versus Dawson Mercer in LONG BEACH BARACUDAS zone.
4:07 of 3rd period - Shot by Ryan Graves.
4:07 of 3rd period - Shot Blocked by Matt Irwin.
4:09 of 3rd period - Shot by Dawson Mercer.
4:09 of 3rd period - Stopped by Pyotr Kochetkov without a rebound.
4:10 of 3rd period - Derek Stepan wins face-off versus Jack Eichel in LONG BEACH BARACUDAS zone.
4:22 of 3rd period - Icing by Michael Matheson.
4:23 of 3rd period - Jack Eichel wins face-off versus Derek Stepan in EDMONTON ICE zone.
5:06 of 3rd period - Icing by Michael Matheson.
5:07 of 3rd period - Ryan O'Reilly wins face-off versus Jack Eichel in EDMONTON ICE zone.
6:00 of 3rd period - Icing by Evgeny Dadonov.
6:01 of 3rd period - Thomas Novak wins face-off versus Ryan O'Reilly in EDMONTON ICE zone.
6:07 of 3rd period - Thomas Novak is hit by Anton Stralman and loses puck.
6:19 of 3rd period - Ryan O'Reilly is hit by Jarred Tinordi and loses puck.
6:28 of 3rd period - Shot by Andreas Athanasiou.
6:28 of 3rd period - Stopped by Vitek Vanecek with a rebound.
6:30 of 3rd period - Shot by Teuvo Teravainen.
6:30 of 3rd period - Shot Misses the Net.
6:40 of 3rd period - Shot by Andreas Athanasiou.
6:40 of 3rd period - Shot Misses the Net.
6:52 of 3rd period - Shot by Mark Stone.
6:52 of 3rd period - Stopped by Vitek Vanecek without a rebound.
6:53 of 3rd period - William Karlsson wins face-off versus Dawson Mercer in EDMONTON ICE zone.
7:06 of 3rd period - Shot by Mark Stone.
7:06 of 3rd period - Deflect By Jaden Schwartz.
7:06 of 3rd period - Stopped by Vitek Vanecek without a rebound.
7:07 of 3rd period - Cody Glass wins face-off versus Jack Eichel in EDMONTON ICE zone.
7:18 of 3rd period - Shot by Taylor Hall.
7:18 of 3rd period - Shot Misses the Net.
7:20 of 3rd period - Shot by Taylor Hall.
7:20 of 3rd period - Shot Blocked by Michael Matheson.
7:22 of 3rd period - Shot by Taylor Hall.
7:22 of 3rd period - Stopped by Vitek Vanecek without a rebound.
7:23 of 3rd period - Jaden Schwartz wins face-off versus Dawson Mercer in EDMONTON ICE zone.
7:26 of 3rd period - Shot by Mark Stone.
7:26 of 3rd period - Shot Misses the Net.
7:28 of 3rd period - Shot by Jaden Schwartz.
7:28 of 3rd period - Shot Misses the Net.
7:30 of 3rd period - Shot by William Karlsson.
7:30 of 3rd period - Stopped by Vitek Vanecek with a rebound.
7:35 of 3rd period - Jaden Schwartz is hit by Ryan Graves and loses puck.
7:49 of 3rd period - Icing by Ryan Graves.
7:50 of 3rd period - Cody Glass wins face-off versus Dawson Mercer in EDMONTON ICE zone.
7:51 of 3rd period - Shot by Seth Jarvis.
7:51 of 3rd period - Shot Misses the Net.
7:53 of 3rd period - Shot by Taylor Hall.
7:53 of 3rd period - Goal by Taylor Hall - LONG BEACH BARACUDAS : 2 - EDMONTON ICE : 3.
7:54 of 3rd period - Cody Glass wins face-off versus Jack Eichel in neutral zone.
8:53 of 3rd period - Thomas Novak is hit by Alexander Romanov and loses puck.
8:58 of 3rd period - Shot by Thomas Novak.
8:58 of 3rd period - Shot Misses the Net.
9:00 of 3rd period - Shot by Scott Laughton.
9:00 of 3rd period - Shot Misses the Net.
9:02 of 3rd period - Shot by Scott Laughton.
9:02 of 3rd period - Stopped by Pyotr Kochetkov with a rebound.
9:12 of 3rd period - Shot by Thomas Novak.
9:12 of 3rd period - Stopped by Pyotr Kochetkov with a rebound.
9:14 of 3rd period - Shot by Thomas Novak.
9:14 of 3rd period - Stopped by Pyotr Kochetkov with a rebound.
9:54 of 3rd period - Shot by Anthony Beauvillier.
9:54 of 3rd period - Shot Blocked by Alexander Romanov.
10:04 of 3rd period - Shot by Anthony Beauvillier.
10:04 of 3rd period - Stopped by Pyotr Kochetkov without a rebound.
10:05 of 3rd period - William Karlsson wins face-off versus Gustav Nyquist in LONG BEACH BARACUDAS zone.
10:07 of 3rd period - Icing by Mark Stone.
10:08 of 3rd period - William Karlsson wins face-off versus Jack Eichel in LONG BEACH BARACUDAS zone.
10:39 of 3rd period - Shot by Mark Stone.
10:39 of 3rd period - Stopped by Vitek Vanecek without a rebound.
10:40 of 3rd period - Ryan O'Reilly wins face-off versus Thomas Novak in EDMONTON ICE zone.
10:53 of 3rd period - Shot by Evgeny Dadonov.
10:53 of 3rd period - Stopped by Pyotr Kochetkov without a rebound.
10:54 of 3rd period - Dawson Mercer wins face-off versus William Karlsson in LONG BEACH BARACUDAS zone.
11:20 of 3rd period - Anthony Beauvillier is hit by Matt Irwin and loses puck.
11:49 of 3rd period - Shot by Andreas Athanasiou.
11:49 of 3rd period - Stopped by Vitek Vanecek without a rebound.
11:49 of 3rd period - Minor Penalty to Vitek Vanecek for Delaying the game.
11:50 of 3rd period - Ryan O'Reilly wins face-off versus Anton Lundell in EDMONTON ICE zone.
12:15 of 3rd period - Icing by Alexander Romanov.
12:16 of 3rd period - Ryan O'Reilly wins face-off versus Anton Lundell in LONG BEACH BARACUDAS zone.
13:09 of 3rd period - Shot by Mark Stone.
13:09 of 3rd period - Shot Misses the Net.
13:11 of 3rd period - Shot by Jaden Schwartz.
13:11 of 3rd period - Shot Misses the Net.
13:13 of 3rd period - Shot by Anton Stralman.
13:13 of 3rd period - Goal by Anton Stralman - LONG BEACH BARACUDAS : 3 - EDMONTON ICE : 3.
13:14 of 3rd period - Derek Stepan wins face-off versus Jack Eichel in neutral zone.
13:35 of 3rd period - Shot by Alex Tuch.
13:35 of 3rd period - Stopped by Pyotr Kochetkov without a rebound.
13:36 of 3rd period - Ryan O'Reilly wins face-off versus Thomas Novak in LONG BEACH BARACUDAS zone.
13:47 of 3rd period - Shot by Teuvo Teravainen.
13:47 of 3rd period - Shot Blocked by Zach Whitecloud.
14:26 of 3rd period - Icing by Jarred Tinordi.
14:27 of 3rd period - William Karlsson wins face-off versus Thomas Novak in EDMONTON ICE zone.
14:50 of 3rd period - Shot by Jaden Schwartz.
14:50 of 3rd period - Shot Misses the Net.
14:57 of 3rd period - Icing by Thomas Novak.
14:58 of 3rd period - Thomas Novak wins face-off versus Peyton Krebs in EDMONTON ICE zone.
14:58 of 3rd period - Evgeny Dadonov is hit by Peyton Krebs and loses puck.
15:24 of 3rd period - Minor Penalty to Seth Jarvis for Hooking.
15:25 of 3rd period - Cody Glass wins face-off versus Dawson Mercer in LONG BEACH BARACUDAS zone.
15:40 of 3rd period - Shot by Shea Theodore.
15:40 of 3rd period - Shot Misses the Net.
15:56 of 3rd period - Shot by Michael Matheson.
15:56 of 3rd period - Shot Blocked by Matt Irwin.
15:58 of 3rd period - Shot by Michael Matheson.
15:58 of 3rd period - Shot Blocked by Ryan O'Reilly.
16:00 of 3rd period - Shot by Shea Theodore.
16:00 of 3rd period - Stopped by Pyotr Kochetkov without a rebound.
16:01 of 3rd period - Cody Glass wins face-off versus Jack Eichel in LONG BEACH BARACUDAS zone.
16:19 of 3rd period - Shot by Matt Irwin.
16:19 of 3rd period - Stopped by Vitek Vanecek with a rebound.
16:24 of 3rd period - Shot by Justin Braun.
16:24 of 3rd period - Stopped by Vitek Vanecek without a rebound.
16:25 of 3rd period - Ryan O'Reilly wins face-off versus Anthony Beauvillier in EDMONTON ICE zone.
16:30 of 3rd period - Shot by Ryan O'Reilly.
16:30 of 3rd period - Shot Misses the Net.
16:36 of 3rd period - Shot by Shea Theodore.
16:36 of 3rd period - Shot Blocked by Alexander Romanov.
16:38 of 3rd period - Shot by Michael Matheson.
16:38 of 3rd period - Shot Misses the Net.
16:40 of 3rd period - Shot by Gustav Nyquist.
16:40 of 3rd period - Stopped by Pyotr Kochetkov without a rebound.
16:41 of 3rd period - Cody Glass wins face-off versus Jack Eichel in LONG BEACH BARACUDAS zone.
18:02 of 3rd period - Shot by Mark Stone.
18:02 of 3rd period - Deflect By Jaden Schwartz.
18:02 of 3rd period - Shot Blocked by Michael Matheson.
18:06 of 3rd period - Shot by Mark Stone.
18:06 of 3rd period - Shot Misses the Net.
18:26 of 3rd period - Off-side.
18:27 of 3rd period - Alex Tuch wins face-off versus Derek Stepan in neutral zone.
18:33 of 3rd period - Icing by Seth Jarvis.
18:34 of 3rd period - Derek Stepan wins face-off versus Jack Eichel in LONG BEACH BARACUDAS zone.
18:47 of 3rd period - Shot by Peyton Krebs.
18:47 of 3rd period - Shot Blocked by Jack Eichel.
19:01 of 3rd period - Shot by Alex Tuch.
19:01 of 3rd period - Stopped by Pyotr Kochetkov without a rebound.
19:02 of 3rd period - Ryan O'Reilly wins face-off versus Thomas Novak in LONG BEACH BARACUDAS zone.
19:22 of 3rd period - Shot by Ryan O'Reilly.
19:22 of 3rd period - Stopped by Vitek Vanecek without a rebound.
19:23 of 3rd period - William Karlsson wins face-off versus Jack Eichel in EDMONTON ICE zone.
19:48 of 3rd period - Shot by William Karlsson.
19:48 of 3rd period - Deflect By Jaden Schwartz.
19:48 of 3rd period - Stopped by Vitek Vanecek without a rebound.
19:49 of 3rd period - Ryan O'Reilly wins face-off versus Thomas Novak in EDMONTON ICE zone.
Goals for this period are 2 for LONG BEACH BARACUDAS vs 1 for EDMONTON ICE.
Shots for this period are 13 for LONG BEACH BARACUDAS vs 15 for EDMONTON ICE.

Overtime #1


0:01 of 1st overtime period - Jack Eichel wins face-off versus William Karlsson in neutral zone.
0:46 of 1st overtime period - Shot by Jack Eichel.
0:46 of 1st overtime period - Shot Blocked by Mark Stone.
1:12 of 1st overtime period - Shot by Scott Laughton.
1:12 of 1st overtime period - Shot Blocked by Ryan O'Reilly.
1:26 of 1st overtime period - Shot by Gustav Nyquist.
1:26 of 1st overtime period - Stopped by Pyotr Kochetkov without a rebound.
1:27 of 1st overtime period - Ryan O'Reilly wins face-off versus Jack Eichel in LONG BEACH BARACUDAS zone.
2:27 of 1st overtime period - Shot by Mark Stone.
2:27 of 1st overtime period - Stopped by Vitek Vanecek with a rebound.
2:29 of 1st overtime period - Shot by Mark Stone.
2:29 of 1st overtime period - Shot Misses the Net.
2:31 of 1st overtime period - Shot by Mark Stone.
2:31 of 1st overtime period - Stopped by Vitek Vanecek with a rebound.
2:33 of 1st overtime period - Shot by Mark Stone.
2:33 of 1st overtime period - Deflect By William Karlsson.
2:33 of 1st overtime period - Shot Blocked by Shea Theodore.
3:13 of 1st overtime period - Shot by Thomas Novak.
3:13 of 1st overtime period - Deflect By Dawson Mercer.
3:13 of 1st overtime period - Shot Misses the Net.
3:15 of 1st overtime period - Shot by Dawson Mercer.
3:15 of 1st overtime period - Stopped by Pyotr Kochetkov without a rebound.
3:16 of 1st overtime period - Ryan O'Reilly wins face-off versus Thomas Novak in LONG BEACH BARACUDAS zone.
4:37 of 1st overtime period - Shot by Jaden Schwartz.
4:37 of 1st overtime period - Stopped by Vitek Vanecek without a rebound.
4:38 of 1st overtime period - Ryan O'Reilly wins face-off versus Jack Eichel in EDMONTON ICE zone.
4:54 of 1st overtime period - Shot by Jack Eichel.
4:54 of 1st overtime period - Stopped by Pyotr Kochetkov without a rebound.
4:55 of 1st overtime period - Scott Laughton wins face-off versus William Karlsson in LONG BEACH BARACUDAS zone.
Goals for this period are 0 for LONG BEACH BARACUDAS vs 0 for EDMONTON ICE.
Shots for this period are 3 for LONG BEACH BARACUDAS vs 3 for EDMONTON ICE.

ShootOut


5:00 of 1st overtime period - Round #1.
5:00 of 1st overtime period - LONG BEACH BARACUDAS, Mark Stone.
5:00 of 1st overtime period - Goal by Mark Stone.
5:00 of 1st overtime period - EDMONTON ICE, Alex Tuch.
5:00 of 1st overtime period - Shot Misses the Net.
5:00 of 1st overtime period - Round #2.
5:00 of 1st overtime period - LONG BEACH BARACUDAS, William Karlsson.
5:00 of 1st overtime period - Stopped by Vitek Vanecek.
5:00 of 1st overtime period - EDMONTON ICE, Jack Eichel.
5:00 of 1st overtime period - Stopped by Pyotr Kochetkov.
5:00 of 1st overtime period - Round #3.
5:00 of 1st overtime period - LONG BEACH BARACUDAS, Ryan O'Reilly.
5:00 of 1st overtime period - Goal by Ryan O'Reilly.


BLAKE
WHEELER
STEVEN
STAMKOS
DREW
DOUGHTY

EAST COAST

HOCKEY LEAGUE

  • 63.RHI2PIT5
  • 64.WOR4ATL3
  • 65.QUECHW
  • 66.CHATRV